 Dungeon Crawl Stone Soup version 0.27-a0-46-g34d46f0a3f (webtiles) character file.

Game seed: 315447792828255070

160 Borgoz the Skirmisher (level 5, -4/46 HPs)
             Began as a Ghoul Monk on Jan 6, 2021.
             Slain by a worm (5 damage)
             ... on level 3 of the Dungeon.
             The game lasted 00:01:39 (2033 turns).

Borgoz the Skirmisher (Ghoul Monk)                  Turns: 2033, Time: 00:01:40

Health: -4/46      AC:  8    Str: 12 (15) XL:     5   Next: 41%
Magic:  4/4        EV: 10    Int:  1 (5)  God:
Gold:   77         SH:  0    Dex: 11 (12) Spells: 4/4 levels left

rFire    . . .     SeeInvis .   a - +0 falchion
rCold    + . .     Faith    .   (no shield)
rNeg     + + +     Spirit   .   g - +0 scale mail
rPois    ∞         Reflect  .   (no helmet)
rElec    .         Harm     .   (no cloak)
rCorr    .         Rampage  .   b - +1 pair of gloves
Will     .....                  (no boots)
Stlth    ..........             (no amulet)
HPRegen  0.00/turn              (no ring)
MPRegen  0.09/turn              (no ring)

@: very slightly contaminated, invisible
A: claws 1, cold resistance 1, negative energy resistance 3, inhibited
regeneration, torment resistance, unbreathing
a: no special abilities


You were on level 3 of the Dungeon.
You visited 1 branch of the dungeon, and saw 3 of its levels.

You collected 77 gold pieces.

Inventory:

Hand Weapons
 a - a +0 falchion (weapon)
Armour
 b - a +1 pair of gloves (worn)
 g - a +0 scale mail (worn)
Scrolls
 d - a scroll of identify {unknown}
 e - a scroll of enchant armour {unknown}
 f - a scroll of teleportation {unknown}
 i - a scroll of enchant weapon {unknown}
 j - a scroll of fog {unknown}
 k - a scroll of noise {unknown}
Potions
 c - a potion of mutation
 h - a potion of invisibility


   Skills:
 + Level 4.1 Fighting
 * Level 3.9 Long Blades
 * Level 4.0 Dodging
 - Level 2.1 Stealth


You had 4 spell levels left.
You didn't know any spells.
Your spell library was empty.

Dungeon Overview and Level Annotations

Branches:
Dungeon (3/15)

Altars:
Kikubaaqudgha


Innate Abilities, Weirdness & Mutations

You thrive by killing the living.
You are immune to poison.
You have sharp fingernails.
Your flesh is cold resistant. (rC+)
You are immune to negative energy. (rN+++)
You do not regenerate when monsters are visible.
You are immune to unholy pain and torment.
You can survive without breathing.


Message History

Your body decomposes!
You feel dopey.
Your body decomposes!
You feel weakened.
Your body decomposes!
You feel dopey. Something hits you.
* * * LOW HITPOINT WARNING * * *
Okay, then.
Okay, then.
You barely miss the worm.
The worm is moderately wounded.
The worm barely misses you. Something hits you but does no damage.
You catch the helpless worm completely off-guard!
You hit the worm.
The worm is heavily wounded.
Something hits you but does no damage. The worm completely misses you.
You miss something. Something hits you but does no damage.
You miss something. Something completely misses you. The worm bites you.
You die...

....... .....####
.......
#...########
#<..........
######..........
.................
.##########........
......{@wb)........
.#########.........
#.........
#.######## #.# #.#
#.# #.#


You could see a worm and a bat.

Vanquished Creatures
  A vampire bat (D:2)
  A hound (D:2)
  An orc wizard (D:3)
  An adder (D:2)
  3 worms (D:2)
  A dart slug (D:2)
  3 bat skeletons (D:2)
  3 bat zombies (D:2)
  2 giant cockroaches (D:1)
  4 goblins
  5 hobgoblins
  5 kobolds
  6 bats
  2 frilled lizards (D:1)
  5 rats
43 creatures vanquished.

Vanquished Creatures (others)
  An orc (D:3)
1 creature vanquished.

Grand Total: 44 creatures vanquished

Notes
Turn   | Place    | Note
-------+----------+-------------------------------------------
     0 | D:1      | Borgoz the Ghoul Monk began the quest for the Orb.
     0 | D:1      | Reached XP level 1. HP: 19/19 MP: 0/0
   205 | D:1      | You fall into a shaft and drop 1 floor!
   230 | D:2      | Reached XP level 2. HP: 22/26 MP: 1/1
   877 | D:1      | Reached XP level 3. HP: 31/31 MP: 2/2
  1342 | D:2      | Reached XP level 4. HP: 32/40 MP: 3/3
  1739 | D:2      | Found an ancient bone altar of Kikubaaqudgha.
  1763 | D:2      | Reached XP level 5. HP: 40/46 MP: 4/4
  2029 | D:3      | HP: 1/46 [something (3)]
  2033 | D:3      | Slain by a worm

Illustrated notes

Levels and vault maps discovered:
D:1:      dpeg_arrival_tiny_c, layout_loops_corners
D:2:      layout_loops_ring, kennysheep_vampire_church, minmay_octomino_e4
D:3:      layout_basic, chequers_serial_rivers_small_3, lexackson_kobold_supper

Skill      XL: |  1  2  3  4  5 |
---------------+----------------+-----
Long Blades    | 3 |  3.9
Dodging        | 3 4 |  4.0
Fighting       | 4 |  4.1
Stealth        | |  2.1

Action                   |  1- 3 |  4- 6 || total
-------------------------+-------+-------++-------
Melee: Falchion          |   100 |    66 ||   166
  Use: Potion            |     1 |     3 ||     4
 Stab: Sleeping          |     2 |       ||     2
       Invisible         |       |     2 ||     2
Armor: Robe              |     8 |       ||     8
       Scale mail        |    37 |    47 ||    84
Dodge: Dodged            |    65 |    66 ||   131
       Rpst.: Falchion   |    21 |    23 ||    44

Table legend: (Time is in decaauts)
 A = Elapsed time spent in this place.
 B = Non-inter-level travel time spent in this place.
 C = Inter-level travel time spent in this place.
 D = Time resting spent in this place.
 E = Time spent auto-exploring this place.
 F = Levels seen in this place.
 G = Mean time per level.
                   A        B        C        D        E       F      G
               +--------+--------+--------+--------+--------+-----+--------+
         Total |   2056 |   1980 |     76 |    126 |   1511 |   3 |  685.3 |
       Dungeon |   2056 |   1980 |     76 |    126 |   1511 |   3 |  685.3 |
               +--------+--------+--------+--------+--------+-----+--------+

Top non-repeatable levels by time:
     D:2: 1088 daAuts
     D:1: 936 daAuts
     D:3: 32 daAuts
